 Dungeon Crawl Stone Soup version 0.20-a0 (webtiles) character file.

107 hairmachine the Chopper (level 4, -3/58 HPs)
             Began as a Hill Orc Abyssal Knight on Oct 27, 2016.
             Was a Believer of Lugonu.
             Slain by Grinder (4 damage)
             ... on level 3 of the Dungeon.
             The game lasted 00:07:47 (1908 turns).

hairmachine the Chopper (Hill Orc Abyssal Knight)   Turns: 1908, Time: 00:07:48

Health: -3/58      AC:  7    Str: 20    XL:     4   Next: 86%
Magic:  5/5        EV:  9    Int: 12    God:    Lugonu [**....]
Gold:   73         SH:  3    Dex: 10    Spells: 0 memorised, 3 levels left

rFire  + . .     SeeInvis .     s - +2 trident (venom)
rCold  . . .     Gourm    .     n - +0 scale mail
rNeg   . . .     Faith    .     m - +0 buckler
rPois  .         Spirit   .     (helmet restricted)
rElec  .         Reflect  .     b - +0 cloak
rCorr  .         Harm     .     (no gloves)
MR     .....                    (no boots)
Stlth  ..........               (no amulet)
                                (no ring)
                                (no ring)

@: berserking, very quick
A: horns 1, fire resistance 1, evolution 1
a: Depart the Abyss, Bend Space, Renounce Religion


You were on level 3 of the Dungeon.
You worshipped Lugonu.
Lugonu was pleased with you.
You were not hungry.

You visited 1 branch of the dungeon, and saw 3 of its levels.
You visited the Abyss 1 time.

You collected 73 gold pieces.


Innate Abilities, Weirdness & Mutations

You have a pair of small horns on your head.
Your flesh is heat resistant. (rF+)
You evolve.


   Skills:
 * Level 3.6 Fighting
 + Level 6.4 Axes
 - Level 2.1 Armour
 - Level 0.7 Dodging
 - Level 2.4 Invocations


You had 3 spell levels left.
You didn't know any spells.

Inventory:

Hand Weapons
 a - a +1 hand axe
 s - a +2 trident of venom (weapon)
   (You found it on level 3 of the Dungeon)
Missiles
 i - 2 stones (quivered)
Armour
 b - a +0 cloak (worn)
   (You found it on level 2 of the Dungeon)
 m - a +0 buckler (worn)
   (You found it on level 1 of the Dungeon)
 n - a +0 scale mail (worn)
   (You took it off a hobgoblin on level 2 of the Dungeon)
Scrolls
 d - a scroll of recharging {!r}
 e - a scroll of fog {!r}
 k - a scroll of enchant armour {!r}
 r - a scroll of remove curse {!r}
Potions
 g - a potion of mutation {!q}
 j - a potion of might {!q, unknown}
 p - a potion of curing {!q, unknown}
Comestibles
 c - 2 bread rations
 h - 2 beef jerkies
 l - a royal jelly
 o - 3 chunks of flesh

Dungeon Overview and Level Annotations

Branches:
Dungeon (3/15)

Altars:
Hepliaklqana

Annotations:
D:3 Grinder

........###..#.###.####.......
........# #..@.)..........#.##
........# #.5.).#...#####.#.#
........# #.....#...# #.#.#
........# #.....#...# #.#.#
........# #..)......#####.#.##
........# #.#..#....#.........
........# #.........#.####....
...... #...................
......###...).....#.........
......#.............###.###.
......#'######..##..#!....#.
###..............#..รท#.....#.
..............##.#...........
#............##.#.#.#.>...#. #
#...............#.#.#.....#.
#.###............####.#.###.###.


You could see Grinder.


Message History

The frilled lizard is heavily wounded.
The frilled lizard bites you but does no damage.
You hit the frilled lizard.
You kill the frilled lizard!
No target in view!
You see here a frilled lizard corpse.
You butcher the frilled lizard corpse.
o - 6 chunks of flesh (gained 1)
You see here a frilled lizard skeleton.
i - 3 stones (gained 1)
r - a scroll of remove curse {!r}
Found a hazy altar of Hepliaklqana.
Unknown command.
Found a runed trident.
You see here a runed trident.
s - a runed trident Really read
q - a scroll of identify {!r}?
As you read the scroll of identify {!r}, it crumbles to dust.
s - a +2 trident of venom Wear which item? (? for menu, Esc to quit)
Okay, then.
Wield which item (- for none, * to show all)? (? for menu, Esc to quit)
Your +2 trident of venom begins to drip with poison!
s - a +2 trident of venom (weapon)
Found 13 sling bullets.
A giant cockroach comes into view.
Throwing (i - inventory):
i - 3 stones (quivered)
Press: ? - help, Shift-Dir - straight line, f - giant cockroach
Aim: a giant cockroach You throw a stone.
The stone hits the giant cockroach.
The giant cockroach is moderately wounded.
Attack whom?
Press: ? - help, Dir - move target cursor, f/p - giant cockroach
Aim: a giant cockroach (moderately wounded)
You reach to attack!
You hit the giant cockroach.
You kill the giant cockroach!
Grinder comes into view.
Grinder shouts!
Grinder gestures at you.
You suddenly lose the ability to move!
Grinder blinks!
Grinder says, "Just stop there for a second..."
Grinder hits you.
You writhe in agony.
You can move again.
Damage: -15%(-6hp) hp: 85%(33hp)
You closely miss Grinder.
Grinder blinks!
Unknown command.
Attack whom?
Press: ? - help, Dir - move target cursor, f - Grinder
Aim: Grinder You reach to attack!
You closely miss Grinder. You closely miss Grinder.
Grinder hits you but does no damage.
Your scale mail prevents you from hitting Grinder.
Grinder gestures at you.
You suddenly lose the ability to move!
Grinder says, "I used to sell toenails on the black market."
Grinder gestures at you. Pain shoots through your body!
* * * LOW HITPOINT WARNING * * *
Grinder blinks!
You can move again.
Huge Dmg: -18%(-7hp) hp: 70%(27hp) Grinder blinks!
There is a stone staircase leading up here.
You see here a stone.
You barely miss Grinder. Grinder gestures at you.
You suddenly lose the ability to move!
Grinder gestures at you. Pain shoots through your body!
* * * LOW HITPOINT WARNING * * *
Grinder hits you.
* * * LOW HITPOINT WARNING * * *
You writhe in agony.
* * * LOW HITPOINT WARNING * * *
Grinder blinks!
You can move again.
Huge Dmg: -41%(-16hp) hp: 34%(13hp) Really quaff
f - a murky white potion {!q}?
It was a potion of berserk rage {!q}.
A red film seems to cover your vision as you go berserk!
You feel yourself moving faster!
You feel mighty! Grinder hits you.
* * * LOW HITPOINT WARNING * * *
You writhe in agony.
* * * LOW HITPOINT WARNING * * *
You hit Grinder.
Grinder is lightly wounded.
Grinder gestures at you. Pain shoots through your body!
* * * LOW HITPOINT WARNING * * *
Huge Dmg: -14%(-8hp) hp: 9%(5hp)
You puncture Grinder!
Grinder is moderately wounded.
Grinder hits you but does no damage.
You closely miss Grinder.
Grinder is moderately wounded.
Grinder hits you.
* * * LOW HITPOINT WARNING * * *
You writhe in agony.
You die...

Vault maps used:
D:1:      ncdulo_watergridlock
D:2:      first_bread
D:3:      lemuel_crystal_altar, st_stairs_3, minivault_11, uniq_grinder

Notes
Turn   | Place    | Note
-------+----------+-------------------------------------------
     0 | Abyss:1  | hairmachine the Hill Orc Abyssal Knight began the quest for the Orb.
     0 | Abyss:1  | Reached XP level 1. HP: 19/19 MP: 2/2
    24 | Abyss:1  | Noticed a tentacled starspawn
    25 | D:1      | Escaped the Abyss
    98 | D:1      | Reached * piety under Lugonu
    98 | D:1      | Reached skill level 3 in Axes
   204 | D:1      | Reached XP level 2. HP: 25/26 MP: 3/3
   278 | D:2      | Reached skill level 4 in Axes
   384 | D:1      | Gained mutation: You evolve. [potion of mutation]
   384 | D:1      | Gained mutation: Your flesh is heat resistant. (rF+) [potion of mutation]
   384 | D:1      | Gained mutation: You have a pair of small horns on your head. [potion of mutation]
   392 | D:1      | Reached XP level 3. HP: 13/31 MP: 4/4
   805 | D:1      | Reached skill level 5 in Axes
   997 | D:2      | Reached XP level 4. HP: 19/39 MP: 5/5
  1560 | D:2      | Reached skill level 6 in Axes
  1701 | D:3      | Reached ** piety under Lugonu
  1848 | D:3      | Found a hazy altar of Hepliaklqana.
  1875 | D:3      | Noticed Grinder
  1875 | D:3      | Paralysed by Grinder for 5 turns
  1884 | D:3      | Paralysed by Grinder for 3 turns
  1900 | D:3      | Paralysed by Grinder for 5 turns
  1908 | D:3      | HP: 1/58 [Grinder (4)]
  1908 | D:3      | Slain by Grinder

Vanquished Creatures
  A gnoll (D:1)
  5 adders
  4 worms (D:2)
  2 leopard geckos
  3 giant cockroaches
  5 goblins
  5 hobgoblins
  A quokka (D:2)
  3 bats
  4 frilled lizards
  5 kobolds
  6 rats
44 creatures vanquished.

Action                   |  1- 3 |  4- 6 || total
-------------------------+-------+-------++-------
Melee: Hand axe          |    91 |    62 ||   153
       Headbutt          |     8 |     8 ||    16
       Trident           |       |     9 ||     9
Throw: Stone             |       |     6 ||     6
Invok: Depart the Abyss  |     1 |       ||     1
  Use: Potion            |     3 |     1 ||     4
       Scroll            |       |     6 ||     6
  Eat: Chunk             |       |     3 ||     3
Armor: Ring mail         |    73 |     5 ||    78
       Scale mail        |       |    30 ||    30
Dodge: Dodged            |    75 |    22 ||    97
Block: Buckler           |     7 |     6 ||    13

Skill      XL: |  1  2  3  4 |
---------------+-------------+-----
Axes           | 3 4 5 6 |  6.4
Fighting       | |  3.6
Armour         | |  2.1
Dodging        | |  0.7
Invocations    | |  2.4
